 Dungeon Crawl Stone Soup version 0.21.1-1-g345015fe64 (webtiles) character file.

576 Kejsarherre the Skirmisher (level 7, 0/55 HPs)
             Began as a Demonspawn Berserker on May 10, 2018.
             Was a Believer of Trog.
             Slain by Grinder (3 damage)
             ... on level 4 of the Dungeon.
             The game lasted 00:04:11 (2448 turns).

Kejsarherre the Skirmisher (Demonspawn Berserker)   Turns: 2448, Time: 00:04:12

Health: 0/55       AC: 15    Str: 24    XL:     7   Next: 13%
Magic:  7/7        EV:  8    Int:  9    God:    Trog [**....]
Gold:   106        SH:  4    Dex: 12    Spells: 6/6 levels left

rFire    . . .     SeeInvis .     - Unarmed
rCold    + . .     Gourm    .   q - +0 buckler
rNeg     . . .     Faith    .   s - +2 chain mail {rC+}
rPois    .         Spirit   .   (no helmet)
rElec    .         Reflect  .   (no cloak)
rCorr    .         Harm     .   g - +1 pair of gloves
MR       .....                  (no boots)
Stlth    ..........             (no amulet)
HPRegen  0.18/turn              (no ring)
MPRegen  0.10/turn              (no ring)

@: mighty, berserk cooldown, slowed, very slow
A: claws 2, yellow scales 1, spiny 1
a: Berserk, Trog's Hand, Burn Spellbooks, Renounce Religion


You were on level 4 of the Dungeon.
You worshipped Trog.
Trog was pleased with you.
You were hungry.

You visited 1 branch of the dungeon, and saw 4 of its levels.

You collected 106 gold pieces.

Inventory:

Armour
 g - a +1 pair of gloves (worn)
 h - a +0 leather armour
 q - a +0 buckler (worn)
 s - a +2 chain mail of cold resistance (worn)
Wands
 j - a wand of polymorph (10)
Scrolls
 b - a scroll of remove curse {unknown}
 d - 2 scrolls of fog {unknown}
 e - 5 scrolls of identify {unknown}
 l - a scroll of noise {unknown}
 p - 4 scrolls of enchant armour {unknown}
Potions
 f - a potion of agility {unknown}
 i - 3 potions of might
 m - 2 potions of invisibility {unknown}
 o - a potion of mutation {unknown}
 r - a potion of ambrosia {unknown}
Comestibles
 c - 7 rations


   Skills:
 + Level 4.7 Fighting
   Level 4.3 Maces & Flails
 + Level 3.6 Armour
 - Level 1.7 Dodging
 + Level 1.4 Shields
 * Level 3.2 Unarmed Combat


You had 6 spell levels left.
You didn't know any spells.

Dungeon Overview and Level Annotations

Branches:
Dungeon (4/15)
 Temple: D:4-7

Altars:
Dithmenos
Nemelex Xobeh
Yredelemnul

Annotations:
D:4 Grinder


Innate Abilities, Weirdness & Mutations

You have very sharp fingernails.
You are partially covered in yellow scales. (AC +2)
You are partially covered in sharp spines.


Message History

You block the hound's attack. Grinder gestures at you.
You suddenly lose the ability to move!
The hound bites you but does no damage. Grinder is struck by your spines.
Grinder hits you.
* * * LOW HITPOINT WARNING * * *
The hound bites you but does no damage. Grinder hits you but does no damage.
The hound is struck by your spines. The hound bites you but does no damage.
The hound bites you but does no damage. Grinder is struck by your spines.
Grinder hits you but does no damage.
You can move again.
You hit Grinder.
Grinder is almost dead.
The hound closely misses you. The hound is struck by your spines.
The hound barely misses you. The ogre hits you with a giant club.
* * * LOW HITPOINT WARNING * * *
Grinder says, "Don't move a muscle."
Grinder hits you!
* * * LOW HITPOINT WARNING * * *
You writhe in agony.
You die...

...#... #.#.## #...#.
###############.#.
.#######.................
..................#.####.
..................#.# .
.........5........#.# ##
........@†........#.# #
#......hO.....###.#.. ..
#.......##'##........ ..
......####.######.#.# ##
.#.#.. #$# ###.# # ......
... # ..... ... .###
###.. ..


You could see Grinder, an ogre and a hound.

Vanquished Creatures
  Edmund (D:4)
  A sky beast (D:3)
  An ogre (D:4)
  A howler monkey (D:4)
  2 orc priests (D:3)
  Natasha (twice) (D:2)
  8 adders
  A worm (D:2)
  A dart slug (D:2)
  4 leopard geckos
  3 orcs (D:3)
  3 bats
  A giant cockroach (D:3)
  7 goblins
  8 hobgoblins
  5 jackals
  3 kobolds
  2 ball pythons
  3 frilled lizards
  2 leopard gecko skeletons (D:4)
  2 rats (D:3)
61 creatures vanquished.

Notes
Turn   | Place    | Note
-------+----------+-------------------------------------------
     0 | D:1      | Kejsarherre the Demonspawn Berserker began the quest for the Orb.
     0 | D:1      | Reached XP level 1. HP: 18/18 MP: 1/1
   514 | D:2      | Gained mutation: You are partially covered in sharp spines. [demonic ancestry]
   514 | D:2      | Reached XP level 2. HP: 5/24 MP: 2/2
   746 | D:2      | Found a sparkling altar of Nemelex Xobeh.
   746 | D:2      | Found a basalt altar of Yredelemnul.
   749 | D:2      | Found a shadowy altar of Dithmenos.
   926 | D:2      | Gained mutation: You have sharp fingernails. [demonic ancestry]
   926 | D:2      | Reached XP level 3. HP: 17/29 MP: 3/3
  1046 | D:2      | Noticed Natasha
  1057 | D:2      | Killed Natasha
  1335 | D:2      | Noticed Natasha
  1344 | D:2      | Killed Natasha
  1344 | D:2      | Reached XP level 4. HP: 27/36 MP: 4/4
  1409 | D:3      | Gained mutation: You have very sharp fingernails. [demonic ancestry]
  1409 | D:3      | Reached XP level 5. HP: 41/42 MP: 5/5
  1601 | D:3      | Reached ** piety under Trog
  1602 | D:3      | Noticed a sky beast
  1608 | D:3      | Reached skill level 1 in Unarmed Combat
  1616 | D:3      | Killed a sky beast
  1616 | D:3      | Reached XP level 6. HP: 44/48 MP: 6/6
  2140 | D:4      | Noticed Edmund
  2178 | D:4      | Killed Edmund
  2178 | D:4      | Reached skill level 1 in Shields
  2178 | D:4      | Gained mutation: You are partially covered in yellow scales. (AC +2) [demonic ancestry]
  2178 | D:4      | Reached XP level 7. HP: 21/55 MP: 7/7
  2412 | D:4      | Noticed Grinder
  2415 | D:4      | Paralysed by Grinder for 2 turns
  2425 | D:4      | Paralysed by Grinder for 6 turns
  2437 | D:4      | Paralysed by Grinder for 6 turns
  2445 | D:4      | Paralysed by Grinder for 3 turns
  2448 | D:4      | Slain by Grinder

Skill      XL: |  1  2  3  4  5  6 |
---------------+-------------------+-----
Maces & Flails | 3 4 |  4.3
Armour         | 2 3 |  3.6
Fighting       | 4 |  4.7
Unarmed Combat | 2 3 |  3.2
Shields        | 1 |  1.4
Dodging        | |  1.7

Action                   |  1- 3 |  4- 6 |  7- 9 || total
-------------------------+-------+-------+-------++-------
Melee: Mace              |    74 |   103 |     7 ||   184
       Unarmed           |       |       |    19 ||    19
Invok: Berserk           |       |     3 |     1 ||     4
  Use: Potion            |       |       |     1 ||     1
  Eat: Chunk             |       |     5 |     3 ||     8
Armor: Leather armour    |     4 |       |       ||     4
       Animal skin       |     4 |       |       ||     4
       Scale mail        |    14 |    53 |       ||    67
       Chain mail        |       |       |    26 ||    26
Dodge: Dodged            |    44 |    51 |    10 ||   105
Block: Buckler           |       |     6 |     7 ||    13
